cohdb
Replays
Latest Replays
All Replays
Popular Replays
Top Player Replays
Match Explorer
How It Works
Community
CoH3 Stats
Reddit
Sign in to upload your games and track your stats! →
Sign in with Steam
Match 40270440
Unlisted
Match 40270440
Overview
Messages
Build Orders
End
Construct Barracks
Engineer Squad
Riflemen Squad
Riflemen Squad
M1 Mortar Team
Infantry Support Center
Riflemen Squad
Selects Special Operations Battlegroup
Selects M29 Weasel with M1 Pack Howitzer
Construct Medical Station
M29 Weasel with M1 Pack Howitzer
Construct Motor Pool
M24 Chaffee Light Tank
M8 Greyhound Armored Car
Riflemen Squad
Engineer Squad
M24 Chaffee Light Tank
M1918 Browning Automatic Rifles
M24 Chaffee Light Tank
M1 Anti-tank Gun Team
Grenade Package
M24 Chaffee Light Tank
M1 Anti-tank Gun Team
Selects Raiding Flares
Selects SSF Commando Squad
SSF Commando Squad
XuZhongwei
Please681
0
0
Comments
sign in to comment!
No comments posted yet!